 Dungeon Crawl Stone Soup version 0.22-a0-521-gb1378044ac (webtiles) character file.

98 Oravi the Conjurer (level 4, -4/24 HPs)
             Began as a Tengu Wizard on June 20, 2018.
             Slain by a gnoll
             ... wielding a +0 whip
              (9 damage)
             ... on level 3 of the Dungeon.
             The game lasted 00:07:49 (2599 turns).

Oravi the Conjurer (Tengu Wizard)                   Turns: 2599, Time: 00:07:49

Health: -4/24      AC:  4    Str:  7    XL:     4   Next: 69%
Magic:  10/11      EV: 12    Int: 20    God:
Gold:   117        SH:  0    Dex: 12    Spells: 10/11 levels left

rFire    . . .     SeeInvis .   n - +0 whip
rCold    . . .     Gourm    .   (no shield)
rNeg     + . .     Faith    .   a - +0 robe
rPois    +         Spirit   .   b - +0 hat
rElec    .         Reflect  .   z - +1 cloak
rCorr    .         Harm     .   (no gloves)
MR       .....                  (boots unavailable)
Stlth    ++........             (no amulet)
HPRegen  0.08/turn              e - ring of positive energy
MPRegen  0.12/turn              y - ring of poison resistance

@: no status effects
A: beak, talons 3
a: no special abilities


You were on level 3 of the Dungeon.
You were not hungry.

You visited 1 branch of the dungeon, and saw 3 of its levels.

You collected 117 gold pieces.

Inventory:

Hand Weapons
 n - a +0 whip (weapon)
 w - a +0 dagger
Missiles
 m - 106 stones (quivered)
 u - 18 poisoned needles
Armour
 a - a +0 robe (worn)
 b - a +0 hat (worn)
 l - a +0 buckler
 z - a +1 cloak (worn)
Jewellery
 e - a ring of positive energy (left hand)
 y - a ring of poison resistance (right hand)
Scrolls
 h - a scroll of identify {unknown}
 o - a scroll of teleportation {unknown}
 q - a scroll of blinking {unknown}
 s - a scroll of random uselessness {unknown}
 v - 2 scrolls of remove curse {unknown}
 x - a scroll of magic mapping {unknown}
Potions
 c - a potion of agility {unknown}
 f - a potion of magic {unknown}
 g - a potion of degeneration {unknown}
 i - 2 potions of might {unknown}
 j - a potion of ambrosia {unknown}
 k - a potion of curing {unknown}
 p - 2 potions of haste {unknown}
 r - a potion of heal wounds {unknown}
 t - a potion of brilliance {unknown}
Comestibles
 d - 4 rations
 A - 2 chunks of flesh


   Skills:
 + Level 0.1 Fighting
 + Level 2.2 Dodging
 - Level 2.0 Stealth
 + Level 4.0 Spellcasting
 + Level 4.1 Conjurations
   Level 1.2 Summonings
   Level 0.7 Translocations


You had 10 spell levels left.
You knew the following spells:

 Your Spells              Type           Power        Failure   Level  Hunger
a - Magic Dart            Conj           ###.         2%          1    None

Your spell library contained the following spells:

 Spells                   Type           Power        Failure   Level  Hunger
 Conjure Flame            Conj/Fire      ##......     17%         3    ###....
 Slow                     Hex            #.......     19%         2    #......
 Mephitic Cloud           Conj/Pois/Air  #.......     22%         3    ###....
 Blink                    Tloc           N/A          14%         2    #......
 Call Imp                 Summ           #.......     12%         2    #......


Dungeon Overview and Level Annotations

Branches:
Dungeon (3/15)

Altars:


Innate Abilities, Weirdness & Mutations

You have a beak for a mouth.
You have claws for feet.


Message History

You hit the gnoll. You claw the gnoll, but do no damage.
The gnoll is severely wounded.
The gnoll hits you with a whip.
You hit the gnoll but do no damage. You claw the gnoll.
The gnoll is severely wounded.
The gnoll barely misses you.
You barely miss the gnoll. Your kick misses the gnoll.
The gnoll is severely wounded.
The gnoll barely misses you.
You hit the gnoll.
The gnoll is severely wounded.
The gnoll hits you with a whip!
* * * LOW HITPOINT WARNING * * *
You are too injured to fight recklessly!
You are too injured to fight recklessly!
Your magical contamination has completely faded away.
The gnoll closely misses you. The gnoll barely misses you.
The gnoll hits you with a whip!
You die...

#.........#
#..(......#
#........>######
#......รท......).
#.....<...######
..............[..
...........#####
..........g...#
..#######@#...###
. #.......#
#..........
#.......##.
..#)......
####...####.
#?.## ...# .##


You could see a gnoll.

Vanquished Creatures
  A hound (D:3)
  2 adders (D:2)
  A gnoll (D:3)
  A worm (D:2)
  An orc (D:3)
  A ball python (D:2)
  7 bats
  A giant cockroach (D:1)
  6 hobgoblins
  2 frilled lizards (D:1)
  2 goblins
  7 kobolds
  3 rats
35 creatures vanquished.

Notes
Turn   | Place    | Note
-------+----------+-------------------------------------------
     0 | D:1      | Oravi the Tengu Wizard began the quest for the Orb.
     0 | D:1      | Reached XP level 1. HP: 10/10 MP: 5/5
   394 | D:1      | Reached XP level 2. HP: 15/15 MP: 5/7
  1351 | D:2      | Reached XP level 3. HP: 19/19 MP: 4/8
  2485 | D:3      | Reached XP level 4. HP: 24/24 MP: 7/10
  2599 | D:3      | Slain by a gnoll

Vault maps used:
D:1:      matt_arrival_los_fun
D:3:      fountainhead

Skill      XL: |  1  2  3  4 |
---------------+-------------+-----
Conjurations   | 2 3 4 |  4.1
Spellcasting   | 4 |  4.0
Fighting       | |  0.1
Dodging        | |  2.2
Stealth        | |  2.0
Summonings     | |  1.2
Translocations | |  0.7

Action                   |  1- 3 |  4- 6 || total
-------------------------+-------+-------++-------
Melee: Unarmed           |     5 |       ||     5
       Kick              |     3 |     4 ||     7
       Peck              |     1 |     1 ||     2
       Whip              |     5 |     7 ||    12
 Cast: Magic Dart        |    77 |    10 ||    87
  Eat: Chunk             |     4 |     1 ||     5
Armor: Robe              |     4 |     1 ||     5
Dodge: Dodged            |    16 |     5 ||    21

Table legend:
 A = Spawn XP
 B = Non-spawn XP
 C = Spawn XP percentage of total XP
 D = Spawn monster count
 E = Non-spawn monster count
 F = Spawn count percentage of total count
 G = Total turns spent on level
                    A         B        C        D         E        F      G
               +---------+---------+-------+---------+---------+-------+---------
         Total |       0 |     140 |   0.0 |       0 |      35 |   0.0 |  2599
               +---------+---------+-------+---------+---------+-------+---------
           D:1 |       0 |      29 |   0.0 |       0 |      18 |   0.0 |  1048
           D:2 |       0 |      50 |   0.0 |       0 |      14 |   0.0 |  1433
           D:3 |       0 |      61 |   0.0 |       0 |       3 |   0.0 |   118
               +---------+---------+-------+---------+---------+-------+---------
